AoeStats
← beaubrent

Arena

506612318Analyzed
1v1 RM · 18d ago on Sep 14, 2026· 42m 46s· 2 players
Game mode
Random Map
Map size
Tiny (2 player)
Population
200
Speed
Normal
Resources
Standard
Victory
Conquest
Starting age
Dark Age
Ending age
Imperial Age
RankedLock teamsTeams togetherTeam positionsShared explorationLock speedFull tech treeHidden civsTurbo modeCheats
Victory
Defeat
🇬🇧 Vietnamese · United Kingdom
315
+18
🇧🇪 Spanish · Belgium
359
-18
Dr Blue
5:36 Loom
10:55 Feudal Age
11:20 Double-Bit Axe
11:19 Horse Collar
13:46 Wheelbarrow
20:56 Castle Age
19:56 Forging
19:38 Fletching
21:28 Padded Archer Armor
21:39 Heavy Plow
21:55 Bow Saw
21:39 Stone Mining
21:43 Gold Mining
21:56 Elite Skirmisher
23:33 Bodkin Arrow
24:41 Iron Casting
24:46 Treadmill Crane
25:05 Murder Holes
25:32 Ballistics
26:50 Thumb Ring
28:25 Hand Cart
30:37 Guard Tower
33:12 Town Watch
36:27 Imperial Age
38:48 Paper Money
39:37 Chemistry
39:44 Two-Man Saw
39:19 Crop Rotation
39:00 Bracer
40:37 Leather Archer Armor
41:04 Keep
beaubrent
2:39 Loom
3:55 Loom
12:34 Feudal Age
13:02 Double-Bit Axe
13:01 Horse Collar
13:12 Arson
13:25 Gold Mining
16:05 Wheelbarrow
16:09 Stone Mining
21:27 Castle Age
20:38 Forging
20:29 Scale Mail Armor
20:38 Padded Archer Armor
21:38 Scale Barding Armor
21:25 Fletching
23:06 Bow Saw
22:27 Pikeman
23:09 Squires
22:31 Man-at-Arms
26:34 Long Swordsman
27:15 Gambesons
28:53 Thumb Ring
35:07 Iron Casting
34:48 Chain Mail Armor
34:49 Leather Archer Armor
34:52 Devotion
36:56 Bodkin Arrow
40:40 Imperial Age
42:14 Supremacy
Connection lost

Rejoining the realm…

Still unreachable

The connection could not be restored.

Session expired

The server has moved on; the page needs a fresh start.